 Dungeon Crawl Stone Soup version 0.28.0-45-g0d030f2227 (webtiles) character file.

Game seed: 16508060900239519255

834 protoss039 the Skirmisher (level 7, -3/55 HPs)
             Began as a Demonspawn Earth Elementalist on May 30, 2022.
             Was an Initiate of Vehumet.
             Slain by a water moccasin (5 damage)
             ... on level 6 of the Dungeon.
             The game lasted 00:09:37 (6471 turns).

protoss039 the Skirmisher (DsEE)                    Turns: 6471, Time: 00:09:38

Health: -3/55      AC:  5    Str:  8    XL:     7   Next: 66%
Magic:  0/12       EV: 11    Int: 18    God:    Vehumet [......]
Gold:   179        SH:  0    Dex: 18    Spells: 7/13 levels left

rFire   . . .      SeeInvis .   q - +2 short sword (venom)
rCold   . . .      Faith    .   (no shield)
rNeg    + . .      Spirit   +   x - +0 leather armour
rPois   .          Reflect  .   (no helmet)
rElec   .          Harm     .   (no cloak)
rCorr   +          Rampage  .   (no gloves)
Will    .....                   m - +0 pair of boots
Stlth   +++.......              (no amulet)
HPRegen 0.18/turn               b - ring of Udeshrotu {+Blink rN+ rCorr Dex+4 Stlth+}
MPRegen 0.26/turn               (no ring)

@: lethally poisoned (-3 -> -26)
A: magic shield, magic regeneration, sharp scales 1
a: Renounce Religion, Evoke Blink


You were on level 6 of the Dungeon.
You worshipped Vehumet.
Vehumet was noncommittal.
You visited 1 branch of the dungeon, and saw 6 of its levels.

You collected 212 gold pieces.
You spent 33 gold pieces at shops.

Inventory:

Hand Weapons
 h - a +1 spear of venom
 q - a +2 short sword of venom (weapon)
 v - a +2 vorpal scimitar
Missiles
 c - 204 stones
 y - 2 throwing nets
Armour
 m - a +0 pair of boots (worn)
 x - a +0 leather armour (worn)
Magical Staves
 o - a staff of poison
 u - a staff of conjuration
Jewellery
 b - the ring of Udeshrotu (left hand) {+Blink rN+ rCorr Dex+4 Stlth+}
   (You found it on level 5 of the Dungeon)

   [ring of resist corrosion]

   Dex:       It affects your dexterity (+4).
   rN:        It protects you from negative energy.
   +Blink:    It lets you blink.
   rCorr:     It protects you from acid and corrosion.
   Stlth:     It makes you more stealthy.
Wands
 w - a wand of acid (2)
Scrolls
 a - 2 scrolls of enchant armour {unknown}
 d - a scroll of holy word {unknown}
 e - a scroll of fear {unknown}
 i - a scroll of noise {unknown}
 k - 2 scrolls of brand weapon
 n - 5 scrolls of teleportation {unknown}
 p - a scroll of identify {unknown}
 t - 2 scrolls of fog {unknown}
Potions
 f - 5 potions of degeneration {unknown}
 g - 3 potions of attraction {unknown}
 j - 2 potions of brilliance {unknown}
 r - 2 potions of heal wounds {unknown}
 s - a potion of resistance {unknown}


   Skills:
 * Level 4.8 Fighting
 + Level 2.8 Armour
 - Level 1.7 Dodging
 - Level 1.7 Stealth
 + Level 3.8 Spellcasting
 - Level 3.0 Conjurations
 - Level 1.0 Transmutations
 + Level 4.2 Earth Magic


You had 7 spell levels left.
You knew the following spells:

 Your Spells              Type           Power      Damage    Failure   Level
a - Sandblast             Erth           36%        2d10      3%          1
b - Passwall              Tmut/Erth      10%        N/A       11%         2
c - Stone Arrow           Conj/Erth      32%        3d9       14%         3

Your spell library contained the following spells:

 Spells                   Type           Power      Damage    Failure   Level
 Petrify                  Tmut/Erth      12%        N/A       58%         4


Dungeon Overview and Level Annotations

Branches:
Dungeon (5/15)
 Temple: D:4-7

Altars:
Fedhas
Kikubaaqudgha
Makhleb
Vehumet

Shops:
D:3 *

Annotations:
D:5 Grinder


Innate Abilities, Weirdness & Mutations

When hurt, damage is shared between your health and your magic reserves.
You regenerate magic rapidly.
You are partially covered in razor-sharp scales. (AC +1, Slay +1)


Message History

* * * LOW HITPOINT WARNING * * *
The water moccasin bites you.
* * * LOW HITPOINT WARNING * * *
Unknown command.
You feel better.
The water moccasin looks more healthy.
The water moccasin bites you!
* * * LOW HITPOINT WARNING * * *
You are lethally poisoned!
The water moccasin poisons you!
Unknown command.
Unknown command.
You feel better. The water moccasin closely misses you.
The water moccasin bites you.
* * * LOW HITPOINT WARNING * * *
You are lethally poisoned!
The water moccasin poisons you!
Unknown command.
Unknown command.
Casting: Sandblast (safe; 3% risk of failure)
Confirm with . or Enter, or press ? or * to list all spells.
You don't have enough magic to cast this spell.
Unknown command.
Okay, then.
* * * LOW HITPOINT WARNING * * *
You feel very sick.
Unknown command.
Unknown command.
Casting: Sandblast (safe; 3% risk of failure)
Confirm with . or Enter, or press ? or * to list all spells.
Aiming: Sandblast (safe; 3% risk of failure)
Press: ? - help, Shift-Dir - straight line, f/p - water moccasin
Aim: a water moccasin (almost dead, 66% to hit)
The blast of sand misses the water moccasin.
* * * LOW HITPOINT WARNING * * *
You feel very sick. The water moccasin bites you.
* * * LOW HITPOINT WARNING * * *
You are more poisoned.
The water moccasin poisons you! The water moccasin bites you.
You die...

... ... .. .# '#####
##########. .....#
##.......... .....#
#......#### .....#
#......#
'###########....@.#
................S.#
..........##..)......#
..........#######....#
..........# ....#
..#......## ....#
..#......# ....#
..#......# ..###
..######## ..#


You could see a water moccasin.

Vanquished Creatures
  An ogre (D:4)
  2 scorpions
  4 wights
  A crimson imp (D:3)
  An orc priest (D:3)
  A bullfrog skeleton (D:5)
  A centaur skeleton (D:6)
  A gnoll shaman (D:3)
  An iguana (D:4)
  An orc wizard (D:5)
  A hound skeleton (D:4)
  7 gnolls
  7 adders
  A shadow imp (D:5)
  A white imp (D:5)
  2 worms
  3 dart slugs
  12 orcs
  6 endoplasms
  13 giant cockroaches
  6 goblins
  9 hobgoblins
  3 jackals (D:3)
  5 quokkas
  9 ball pythons
  3 bats
  2 frilled lizards
  2 kobolds
  7 rats
113 creatures vanquished.

Vanquished Creatures (others)
  2 plants (D:4)
  A withered plant (D:4)
3 creatures vanquished.

Grand Total: 116 creatures vanquished

Notes
Turn   | Place    | Note
-------+----------+-------------------------------------------
     0 | D:1      | protoss039 the Demonspawn Earth Elementalist began the
                  | quest for the Orb.
     0 | D:1      | Reached XP level 1. HP: 13/13 MP: 3/3
    18 | D:1      | Reached skill level 1 in Transmutations
   281 | D:1      | Found a faded altar of an unknown god.
   487 | D:1      | Gained mutation: You regenerate magic rapidly. [demonic
                  | ancestry]
   487 | D:1      | Reached XP level 2. HP: 20/20 MP: 3/5
   689 | D:1      | Reached skill level 1 in Fighting
  1316 | D:2      | Gained mutation: You are partially covered in razor-sharp
                  | scales. (AC +1, Slay +1) [demonic ancestry]
  1316 | D:2      | Reached XP level 3. HP: 26/26 MP: 2/6
  1319 | D:2      | Learned a level 2 spell: Passwall
  1477 | D:2      | Reached skill level 1 in Armour
  2139 | D:2      | Gained mutation: When hurt, damage is shared between your
                  | health and your magic reserves. [demonic ancestry]
  2139 | D:2      | Reached XP level 4. HP: 30/33 MP: 2/7
  2456 | D:2      | Learned a level 3 spell: Stone Arrow
  2754 | D:3      | Found Wuonok's General Store.
  2761 | D:3      | Bought a potion of curing for 33 gold pieces
  2994 | D:3      | Reached skill level 1 in Conjurations
  2994 | D:3      | Reached XP level 5. HP: 8/39 MP: 0/9
  3365 | D:3      | Found a burning altar of Makhleb.
  3365 | D:3      | Found a radiant altar of Vehumet.
  3378 | D:3      | Became a worshipper of Vehumet
  3868 | D:4      | Noticed an ogre
  3923 | D:3      | HP: 1/35 [wight/+0 falchion (3)]
  3939 | D:3      | Reached XP level 6. HP: 8/42 MP: 0/10
  4923 | D:4      | Reached XP level 7. HP: 53/53 MP: 4/12
  5588 | D:4      | Found an ancient bone altar of Kikubaaqudgha.
  5590 | D:4      | Found a blossoming altar of Fedhas.
  5748 | D:5      | Entered Level 5 of the Dungeon
  6028 | D:5      | Identified the ring of Udeshrotu {+Blink rN+ rCorr Dex+4
                  | Stlth+}
  6371 | D:5      | Noticed Grinder
  6371 | D:5      | You fall into a shaft and drop 1 floor!
  6467 | D:6      | HP: 2/55 [water moccasin (4)]
  6471 | D:6      | Slain by a water moccasin

Illustrated notes

Levels and vault maps discovered:
D:1:      dpeg_arrival_rooms_c, layout_loops_cross,
          hellmonk_ecumenical_altar_inner_sanctum, minmay_misc_feat_tower,
          minmay_misc_feat_x
D:2:      layout_loops_ring, minmay_pentomino_pile
D:3:      minmay_roachtagon, layout_loops_ring,
          grunt_temple_overflow_lords_of_destruction, serial_shops,
          nicolae_shop_trees
D:4:      layout_basic, grunt_temple_overflow_growth_and_decay
D:5:      minmay_general_purpose_star, layout_cave_pools, minivault_27,
          uniq_grinder, uniq_blork_the_orc
D:6:      layout_basic, minmay_temple_entry_crystal_x, eino_curves_02

Skill      XL: |  1  2  3  4  5  6  7 |
---------------+----------------------+-----
Transmutations | 1 |  1.0
Fighting       | 1 2 3 4 |  4.8
Earth Magic    | 3 4 |  4.2
Armour         | 1 2 |  2.8
Conjurations   | 1 2 3 |  3.0
Spellcasting   | 3 |  3.8
Dodging        | |  1.7
Stealth        | |  1.7

Action                   |  1- 3 |  4- 6 |  7- 9 || total
-------------------------+-------+-------+-------++-------
Melee: Unarmed           |    10 |       |       ||    10
       Spear             |    67 |   122 |       ||   189
       Punch             |       |     5 |       ||     5
       Short sword       |       |    45 |    54 ||    99
 Cast: Sandblast         |    34 |    21 |    16 ||    71
       Stone Arrow       |       |     9 |    22 ||    31
  Use: Scroll            |       |     1 |       ||     1
       Potion            |       |     2 |     2 ||     4
 Stab: Sleeping          |    10 |     4 |       ||    14
       Distracted        |       |     1 |       ||     1
Armor: Robe              |    22 |    56 |     2 ||    80
       Leather armour    |       |       |    10 ||    10
Dodge: Dodged            |    50 |   123 |    41 ||   214
